 Seeded DCSS version 0.28.0-53-g5a82cb258f (webtiles) character file.

Game seed: 123456789 (custom seed)

40665 Kazon the Prestidigitator (level 13, -1/121 HPs)
             Began as a Deep Dwarf Fighter on July 20, 2022.
             Was a High Priest of Makhleb.
             Slain by Snorg (12 damage)
             ... on level 3 of the Lair of Beasts.
             The game lasted 02:12:15 (13708 turns).

Kazon the Prestidigitator (Deep Dwarf Fighter)     Turns: 13708, Time: 02:12:16

Health: -1/121     AC: 13    Str: 29    XL:     13   Next: 75%
Magic:  1/1        EV: 15    Int: 11    God:    Makhleb [*****.]
Gold:   1418       SH: 11    Dex: 20    Spells: 14/19 levels left

rFire   + . .      SeeInvis .   q - +8 mace "Nihoonn" {freeze, rC+ Dex+6}
rCold   + + +      Faith    .   c - +0 kite shield
rNeg    + . .      Spirit   .   h - +0 acid dragon scales
rPois   +          Reflect  .   j - +2 helmet
rElec   .          Harm     .   k - scarf {rC+ rF+}
rCorr   +          Rampage  .   m - +0 pair of gloves
Will    +....                   b - +0 pair of boots
Stlth   ++........              (no amulet)
HPRegen 0.00/turn               R - +6 ring of strength
MPRegen 0.07/turn               r - ring "Arosenk" {rPois rC+ rN+ Int+2 Stlth-}

@: no status effects
A: damage resistance, heal wounds, sense surroundings 2, no regeneration,
subdued magic 1
a: Heal Wounds, Renounce Religion, Minor Destruction, Lesser Servant of Makhleb,
Major Destruction, Greater Servant of Makhleb


You were on level 3 of the Lair of Beasts.
You worshipped Makhleb.
Makhleb was extremely pleased with you.
You visited 3 branches of the dungeon, and saw 16 of its levels.
You also visited: Sewer, Bailey and Ice Cave.

You collected 1495 gold pieces.
You spent 77 gold pieces at shops.

Inventory:

Hand Weapons
 e - the +7 pair of quick blades "Gyre" and "Gimble" {protect}
   (You found it on level 9 of the Dungeon)

   It grants its wielder temporary protection when it strikes (+7 to AC).
 f - a +2 war axe of flaming
 p - a +1 mace of venom
 q - the +8 mace "Nihoonn" (weapon) {freeze, rC+ Dex+6}
   (You found it on level 2 of the Dungeon)

   It freezes those it strikes, dealing additional cold damage.
   It can also slow down cold-blooded creatures.
   Dex:       It affects your dexterity (+6).
   rC:        It protects you from cold.
 s - the +6 falchion of Kiugemur {flame, Str+5}
   (You found it on level 7 of the Dungeon)

   It burns those it strikes, dealing additional fire damage.
   Big, fiery blades are also staple armaments of hydra-hunters.
   Str:       It affects your strength (+5).
 w - a +6 hunting sling of flaming
Missiles
 a - 9 boomerangs
 D - a curare-tipped dart (quivered)
 L - 27 poisoned darts
 T - 93 sling bullets
 U - 2 throwing nets
Armour
 b - a +0 pair of boots (worn)
 c - a +0 kite shield (worn)
 h - +0 acid dragon scales (worn)
 j - a +2 helmet (worn)
 k - a scarf of resistance (worn)
 m - a +0 pair of gloves (worn)
 M - the +1 cloak of Nihilism {rElec}
   (You found it on level 12 of the Dungeon)

   rElec:     It insulates you from electricity.
 S - a +1 leather armour of positive energy
 W - +1 fire dragon scales
Jewellery
 n - a ring of fire
 r - the ring "Arosenk" (right hand) {rPois rC+ rN+ Int+2 Stlth-}
   (You found it in an ice cave)

   [ring of poison resistance]

   Int:       It affects your intelligence (+2).
   rC:        It protects you from cold.
   rPois:     It protects you from poison.
   rN:        It protects you from negative energy.
   Stlth:     It makes you less stealthy.
 R - a +6 ring of strength (left hand)
Wands
 l - a wand of flame (23)
 v - a wand of mindburst (15)
 y - a wand of iceblast (8)
 F - a wand of polymorph (4)
 K - a wand of acid (11)
Scrolls
 g - a scroll of identify
 i - 3 scrolls of fear
 o - 3 scrolls of magic mapping {unknown}
 u - 3 scrolls of noise {unknown}
 z - a scroll of silence
 B - 4 scrolls of fog
 C - 2 scrolls of summoning
 E - 7 scrolls of teleportation
 N - a scroll of holy word
 P - 2 scrolls of immolation
 Q - 3 scrolls of vulnerability {unknown}
Potions
 d - a potion of mutation
 x - 9 potions of curing
 A - a potion of might
 G - 2 potions of heal wounds
 H - 3 potions of flight
 I - 5 potions of resistance
 J - a potion of lignification
 V - 2 potions of haste


   Skills:
 * Level 9.1 Fighting
 + Level 5.4(5.6) Short Blades
 + Level 2.1(4.4) Long Blades
 + Level 3.6(7.6) Axes
 + Level 9.6(9.9) Maces & Flails
 + Level 2.8(3.8) Slings
 + Level 6.0 Crossbows
 + Level 3.0(3.4) Throwing
 + Level 6.6 Armour
 * Level 8.0 Dodging
 + Level 5.0 Stealth
 + Level 6.6 Shields
 + Level 3.5 Spellcasting
 + Level 4.3 Necromancy
 * Level 10.9 Invocations
 * Level 11.5 Evocations


You had 14 spell levels left.
You knew the following spells:

 Your Spells              Type           Power      Damage    Failure   Level
a - Animate Skeleton      Necr           16%        N/A       11%         1
b - Pain                  Necr           32%        1d5       11%         1
c - Vampiric Draining     Necr           8%         2d6       32%         3

Your spell library contained the following spells:

 Spells                   Type           Power      Damage    Failure   Level
 Apportation              Tloc           2%         N/A       56%         1
 Beastly Appendage        Tmut           2%         N/A       56%         1
 Magic Dart               Conj           4%         1d3       56%         1
 Blink                    Tloc           2%         N/A       71%         2
 Call Imp                 Summ           1%         N/A       71%         2
 Ensorcelled Hibernation  Hex/Ice        2%         N/A       71%         2
 Passwall                 Tmut/Erth      0%         N/A       71%         2
 Static Discharge         Conj/Air       1%         N/A       71%         2
 Wereblood                Tmut           1%         N/A       71%         2
 Animate Dead             Necr           4%         N/A       75%         4
 Dispel Undead            Necr           8%         3d8       75%         4
 Lesser Beckoning         Tloc           1%         N/A       91%         3
 Mephitic Cloud           Conj/Pois/Air  1%         N/A       91%         3
 Spider Form              Tmut/Pois      1%         N/A       91%         3
 Summon Guardian Golem    Hex/Summ       1%         N/A       91%         3
 Swiftness                Air            1%         N/A       91%         3
 Tukima's Dance           Hex            1%         N/A       91%         3
 Anguish                  Hex/Necr       2%         N/A       96%         4
 Agony                    Necr           8%         N/A       98%         5
 Excruciating Wounds      Necr           4%         N/A       98%         5
 Hailstorm                Conj/Ice       1%         3d3       100%        4
 Ice Form                 Ice/Tmut       1%         N/A       100%        4
 Sticky Flame             Conj/Fire      1%         2d3       100%        4
 Alistair's Intoxication  Tmut/Pois      0%         N/A       100%        5
 Lightning Bolt           Conj/Air       0%         1d11      100%        5
 Manifold Assault         Tloc           1%         N/A       100%        5
 Simulacrum               Ice/Necr       2%         N/A       100%        6
 Enfeeble                 Hex            0%         N/A       100%        7
 Haunt                    Necr/Summ      2%         N/A       100%        7
 Orb of Destruction       Conj           0%         9d5       100%        7
 Spellforged Servitor     Conj/Summ      0%         N/A       100%        7
 Infestation              Necr           4%         N/A       100%        8
 Maxwell's Capacitive Co  Air            0%         ∞         100%        8


Dungeon Overview and Level Annotations

Branches:
Dungeon (12/15)            Temple (1/1) D:6            Lair (3/6) D:8
 Shoals (0/4) Lair:2       Spider (0/4) Lair:2          Orc (0/2) D:10
  Sewer (visited)          Bailey (visited)           IceCv (visited)

Altars:
Makhleb
Qazlal
Beogh

Shops:
D:6 ?   D:8 =?   D:11 *

Annotations:
Lair:3 Snorg


Innate Abilities, Weirdness & Mutations

You are resistant to damage.
You can heal yourself by infusing magical energy.
You passively map the area around you.
You do not regenerate.
Your spells are a little easier to cast, but a little less powerful.


Message History

You block Snorg's attack. Snorg closely misses you. You block Snorg's attack.
You sock Snorg! You freeze Snorg.
Snorg is heavily wounded.
You block Snorg's attack. Snorg misses you. Snorg claws you but does no damage.
Snorg closely misses you. Snorg misses you. Snorg claws you.
You sock Snorg! You freeze Snorg.
Snorg is severely wounded.
You block Snorg's attack. Snorg claws you! Snorg claws you.
Snorg closely misses you. You block Snorg's attack. Snorg claws you.
You barely miss Snorg.
Snorg is heavily wounded.
Snorg closely misses you. You block Snorg's attack. Snorg claws you.
You sock Snorg! You freeze Snorg.
Snorg is severely wounded.
Snorg closely misses you.
You block Snorg's attack. x3; Snorg claws you!
You block Snorg's attack.
You closely miss Snorg.
Snorg is severely wounded.
Snorg misses you. You block Snorg's attack. Snorg barely misses you.
You barely miss Snorg.
Snorg is severely wounded.
Snorg barely misses you. Snorg claws you but does no damage. Snorg claws you!!
Snorg bites you!
* * * LOW HITPOINT WARNING * * *
You block Snorg's attack. x2
You hit Snorg. You freeze Snorg.
Snorg is severely wounded.
You block Snorg's attack. Snorg claws you!
* * * LOW HITPOINT WARNING * * *
Snorg barely misses you.
You sock Snorg! You freeze Snorg.
Snorg is severely wounded.
Snorg closely misses you. You block Snorg's attack. Snorg barely misses you.
Snorg closely misses you. x2; Snorg claws you!
* * * LOW HITPOINT WARNING * * *
You barely miss Snorg.
Snorg is severely wounded.
Snorg misses you. Snorg barely misses you. Snorg completely misses you.
You block Snorg's attack. Snorg claws you but does no damage. Snorg claws you!
You die...

....................,, ,,
............≈...((.,, , ,
..#.##.≈.≈≈≈≈≈≈.... , >
######.≈≈≈≈≈≈≈≈... , ,
#.≈≈≈≈≈≈≈≈≈.. , #≈≈≈≈≈.≈≈≈≈.# *
#.≈≈≈.<.≈≈≈.# * ,, #
#≈≈≈≈.≈≈≈≈≈T## , #
##.≈≈≈≈≈≈≈≈≈@P# , ##
#...≈≈≈≈≈≈≈≈.## ,, .#
###.≈≈≈≈≈≈≈.## ** * *
.######..≈.≈...## ### ####
..†.##.##.##≈#.#######.### #..##
...##############.#.#....####)..#
...########## ####.........###..#
........##..###......##......#..#
.............#.##....#P..#.#....#


You could see Snorg (berserk).

Vanquished Creatures
  An azure jelly (IceCv)
  A boulder beetle (D:11)
  A hydra (D:8)
  5 two-headed ogres
  Nergalle (D:11)
  2 ugly things
  21 slime creatures
  2 black mambas
  4 elephants (Lair:3)
  An ice statue (IceCv)
  Joseph (Lair:1)
  Maggie (D:6)
  2 cane toads
  A gargoyle (D:12)
  2 kobold demonologists (D:12)
  2 komodo dragons
  Psyche (D:10)
  2 rime drakes
  An entropy weaver simulacrum (IceCv)
  2 trolls
  A hornet (D:9)
  11 blink frogs
  Sigmund (D:2)
  A centaur simulacrum (D:11)
  A culicivora (Lair:2)
  A shadow (D:7)
  4 wyverns
  5 spriggans
  A wraith (D:12)
  Eustachio (D:5)
  24 yaks
  A basilisk (Lair:2)
  2 steam dragons
  3 vampire mosquitoes (D:12)
  Menkaure (D:5)
  3 wargs (D:8)
  An acid dragon (D:10)
  3 water moccasins
  Edmund (D:6)
  2 demonic crawler simulacra (IceCv)
  Duvessa (D:5)
  A swamp drake (Lair:3)
  4 ice beasts
  3 black bears
  A hornet zombie (D:8)
  6 orc warriors
  2 necrophages
  8 wolves
  5 ugly thing simulacra (IceCv)
  7 ogres
  9 centaurs
  3 phantoms
  6 kobold brigands
  7 bullfrogs
  3 gnoll sergeants
  5 glowing shapeshifter simulacra (IceCv)
  Dowan (D:5)
  7 killer bees
  10 wights
  A howler monkey (D:7)
  3 electric eels
  2 centaur zombies
  15 orc priests
  6 hounds
  6 jellies
  Crazy Yiuf (D:2)
  2 gnoll shamans
  2 centaur skeletons (D:6)
  Ijyb (D:3)
  An iguana (D:6)
  12 orc wizards
  2 troll simulacra (D:11)
  2 spriggan simulacra (D:11)
  A killer bee zombie (D:8)
  2 hound skeletons
  Robin (D:2)
  2 howler monkey zombies
  19 gnolls
  A howler monkey skeleton (D:5)
  10 adders
  3 river rats (Sewer)
  3 shadow imps
  2 white imps
  2 ufetubi
  4 worms
  3 dart slugs
  45 orcs
  6 bats
  10 endoplasms
  4 giant cockroaches
  19 goblins
  10 hobgoblins
  7 jackals
  19 kobolds
  6 quokkas
  4 ball pythons
  5 frilled lizards
  7 rats
462 creatures vanquished.

Vanquished Creatures (collateral kills)
  An azure jelly (IceCv)
  A quicksilver ooze (IceCv)
  A hydra (D:11)
  2 centaur zombies (D:11)
  An unseen horror (D:11)
  A komodo dragon (Lair:2)
  An entropy weaver simulacrum (IceCv)
  A polar bear (Lair:1)
  2 slime creatures (IceCv)
  A blink frog (D:8)
  A centaur simulacrum (D:11)
  A basilisk (Lair:2)
  A steam dragon (Bailey)
  A water moccasin (Lair:2)
  An ogre (Bailey)
  2 centaurs (D:11)
  A bullfrog (Lair:2)
  A howler monkey simulacrum (D:11)
  A kobold (D:9)
  A rat (D:3)
23 creatures vanquished.

Vanquished Creatures (others)
  An ugly thing simulacrum (IceCv)
  An orc wizard (D:7)
  11 fungi
  13 plants
  6 toadstools (D:5)
  4 withered plants (D:1)
36 creatures vanquished.

Grand Total: 521 creatures vanquished

Notes
Turn   | Place    | Note
-------+----------+-------------------------------------------
     0 | D:1      | Kazon the Deep Dwarf Fighter began the quest for the Orb.
     0 | D:1      | Reached XP level 1. HP: 20/20 MP: 1/1
   108 | D:1      | Found a faded altar of an unknown god.
   137 | D:1      | Reached XP level 2. HP: 21/27 MP: 2/2
   579 | D:1      | Reached XP level 3. HP: 30/34 MP: 3/3
   853 | D:2      | Identified the +2 robe of the Fletcher {Int+7}
   888 | D:2      | Learned a level 1 spell: Animate Skeleton
   890 | D:2      | Learned a level 1 spell: Pain
   891 | D:2      | Noticed Robin
   907 | D:2      | Killed Robin
  1015 | D:2      | Identified the +8 mace "Nihoonn" {freeze, rC+ Dex+6}
  1029 | D:2      | Found a runed translucent door.
  1030 | D:2      | Noticed Crazy Yiuf
  1038 | D:2      | Killed Crazy Yiuf
  1039 | D:2      | Reached skill level 1 in Dodging
  1039 | D:2      | Reached XP level 4. HP: 42/42 MP: 0/3
  1422 | D:2      | Reached XP level 5. HP: 43/49 MP: 0/4
  1665 | D:3      | Reached skill level 1 in Necromancy
  1674 | D:3      | Reached skill level 1 in Maces & Flails
  1734 | D:3      | Reached skill level 1 in Spellcasting
  1744 | D:3      | Reached skill level 1 in Stealth
  1955 | D:3      | Noticed Ijyb
  1967 | D:3      | Killed Ijyb
  1968 | D:3      | Reached XP level 6. HP: 42/56 MP: 6/6
  2327 | D:4      | Reached XP level 7. HP: 53/62 MP: 8/8
  2423 | D:4      | Found a glowing drain.
  2451 | Sewer    | Entered a sewer
  2595 | Sewer    | Found a white marble altar of Elyvilon.
  2771 | D:2      | Noticed Sigmund
  2790 | D:2      | Killed Sigmund
  2791 | D:2      | Reached skill level 1 in Evocations
  2791 | D:2      | Reached XP level 8. HP: 67/72 MP: 5/9
  2985 | D:4      | Reached skill level 2 in Evocations
  3188 | D:5      | Entered Level 5 of the Dungeon
  3348 | D:5      | Found a burning altar of Makhleb.
  3348 | D:5      | Noticed a blizzard demon
  3351 | D:5      | Noticed a hellwing
  3353 | D:5      | Became a worshipper of Makhleb the Destroyer
  3418 | D:5      | Noticed Menkaure
  3426 | D:5      | Killed Menkaure
  3427 | D:5      | Reached skill level 5 in Maces & Flails
  3427 | D:5      | Reached skill level 1 in Crossbows
  3427 | D:5      | Reached skill level 1 in Invocations
  3570 | D:5      | Reached skill level 3 in Evocations
  3573 | D:5      | Noticed Eustachio
  3576 | D:5      | Noticed a troll
  3578 | D:5      | Gained mutation: You passively map the area around you.
                  | [Deep Dwarf growth]
  3578 | D:5      | Reached XP level 9. HP: 49/78 MP: 11/11
  3592 | D:5      | Reached skill level 4 in Evocations
  3602 | D:5      | Killed a troll
  3616 | D:5      | Killed Eustachio
  3678 | D:5      | Reached skill level 5 in Evocations
  3684 | D:5      | Reached skill level 5 in Dodging
  3684 | D:5      | Reached skill level 5 in Shields
  3758 | D:5      | HP: 2/79 [large slime creature (32)]
  3763 | D:5      | Killed a large slime creature
  3766 | D:5      | Reached * piety under Makhleb
  3831 | D:5      | Reached skill level 5 in Fighting
  3898 | D:5      | Noticed Duvessa
  3898 | D:5      | Noticed Dowan
  3919 | D:5      | Killed Duvessa
  3929 | D:5      | Killed Dowan
  4135 | D:6      | Found Cituep's Magic Scroll Emporium.
  4144 | D:6      | Bought a scroll of teleportation for 33 gold pieces
  4144 | D:6      | Bought a scroll of identify for 22 gold pieces
  4144 | D:6      | Bought a scroll of fog for 22 gold pieces
  4171 | D:6      | Reached XP level 10. HP: 80/88 MP: 9/9
  4180 | D:6      | Noticed Edmund
  4196 | D:6      | Killed Edmund
  4211 | D:6      | Learned a level 3 spell: Vampiric Draining
  4398 | D:6      | Reached skill level 6 in Evocations
  4493 | D:6      | Gained mutation: Your spells are a little easier to cast,
                  | but a little less powerful. [potion of mutation]
  4511 | D:6      | Noticed Maggie
  4536 | D:6      | Killed Maggie
  4569 | D:6      | Found a staircase to the Ecumenical Temple.
  4588 | Temple   | Entered the Ecumenical Temple
  4729 | D:6      | Reached ** piety under Makhleb
  4923 | D:7      | Reached skill level 5 in Invocations
  4994 | D:7      | Noticed a red ugly thing
  5002 | D:7      | Killed a red ugly thing
  5007 | D:7      | Identified the +6 falchion of Kiugemur {flame, Str+5}
  5113 | D:7      | Reached skill level 7 in Evocations
  5123 | D:7      | Noticed a two-headed ogre
  5136 | D:7      | Killed a two-headed ogre
  5143 | D:7      | Reached XP level 11. HP: 54/97 MP: 3/8
  5666 | D:8      | Found a stormy altar of Qazlal.
  5715 | D:8      | Found a staircase to the Lair.
  5736 | D:8      | Reached *** piety under Makhleb
  5826 | D:8      | Found Wuig's Jewellery Boutique.
  5828 | D:8      | Found Jydypn's Magic Scroll Emporium.
  6986 | D:9      | Noticed a two-headed ogre
  6986 | D:9      | Noticed a two-headed ogre
  6998 | D:9      | Killed a two-headed ogre
  7005 | D:9      | Killed a two-headed ogre
  7006 | D:9      | Reached skill level 1 in Throwing
  7010 | D:9      | Found the +7 pair of quick blades "Gyre" and "Gimble"
                  | {protect}
  7065 | D:10     | Entered Level 10 of the Dungeon
  7161 | D:10     | Noticed Psyche
  7173 | D:10     | Killed Psyche
  7196 | D:10     | Found a flagged portal.
  7217 | Bailey   | Entered a bailey
  7236 | Bailey   | Reached skill level 8 in Evocations
  7326 | Bailey   | Identified the +7 dagger of Porukhid {flame, Str+2}
  7408 | Bailey   | Noticed a two-headed ogre
  7418 | Bailey   | Killed a two-headed ogre
  7419 | Bailey   | Reached skill level 1 in Short Blades
  7419 | Bailey   | Reached skill level 5 in Armour
  8136 | D:10     | Reached **** piety under Makhleb
  8259 | D:10     | Found a staircase to the Orcish Mines.
  8610 | D:11     | Noticed a boulder beetle
  8648 | D:11     | Found Utayq's CLEARANCE SALE!.
  8683 | D:11     | Found a frozen archway.
  8736 | IceCv    | Entered an ice cave
  8749 | IceCv    | Reached XP level 12. HP: 109/109 MP: 7/7
  8789 | IceCv    | Noticed a quicksilver ooze
  8800 | IceCv    | Killed a quicksilver ooze
  8801 | IceCv    | Reached skill level 9 in Evocations
  9044 | IceCv    | Reached skill level 5 in Stealth
  9179 | IceCv    | Reached ***** piety under Makhleb
  9180 | IceCv    | Reached skill level 5 in Crossbows
  9254 | IceCv    | Reached skill level 1 in Long Blades
  9297 | IceCv    | Reached skill level 10 in Evocations
  9395 | IceCv    | Found a viscous altar of Jiyva.
  9395 | IceCv    | Noticed an azure jelly
  9441 | IceCv    | HP: 2/110 [entropy weaver simulacrum (7)]
  9639 | IceCv    | Killed an azure jelly
  9649 | IceCv    | Noticed an azure jelly
  9663 | IceCv    | Killed an azure jelly
  9672 | IceCv    | Identified the ring "Arosenk" {rPois rC+ rN+ Int+2 Stlth-}
  9679 | IceCv    | Got the +7 spear of the Thieving Firefly {freeze, Contam
                  | Dex+7}
 10272 | D:11     | Noticed Nergalle
 10286 | D:11     | Killed Nergalle
 10326 | D:11     | Killed a boulder beetle
 10545 | D:11     | Reached XP level 13. HP: 75/118 MP: 2/2
 10730 | D:12     | Reached skill level 11 in Evocations
 10820 | D:12     | Identified the +1 cloak of Nihilism {rElec}
 11005 | D:12     | Reached skill level 10 in Invocations
 11349 | Lair:1   | Entered Level 1 of the Lair of Beasts
 11493 | Lair:1   | Noticed Joseph
 11506 | Lair:1   | Killed Joseph
 11946 | Lair:1   | Reached skill level 1 in Slings
 12479 | Lair:2   | Found a staircase to the Shoals.
 12735 | Lair:2   | Reached skill level 5 in Short Blades
 12798 | Lair:2   | Identified a scroll of acquirement
 12799 | Lair:2   | Acquired 571 gold pieces
 13019 | Lair:2   | Found a hole to the Spider Nest.
 13689 | Lair:3   | Noticed Snorg
 13708 | Lair:3   | Slain by Snorg

Illustrated notes

Levels and vault maps discovered:
D:1:      co_arrival_random_square_maze, layout_loops_cross,
          ebering_ecumenical_altar_petrified
D:2:      layout_basic, uniq_sigmund, uniq_crazy_yiuf_cottage, uniq_robin
D:3:      wad_pebble_path, layout_basic, uniq_ijyb
D:4:      layout_basic, portal_sewer_entry_d
D:5:      cheibrodos_fertilizer, layout_loops_ring, makhleb_altar_promises_db,
          minmay_diced_spiral, uniq_menkaure, uniq_duvessa, uniq_eustachio
D:6:      layout_rooms, minmay_temple_entry_gardened_gates, serial_shops,
          shop_scrolls, serial_bayou_pond_c, uniq_maggie, uniq_edmund
D:7:      nzn_winding_woodlands_stair_cross [nzn_winding_woodlands_5x15_garden,
          nzn_winding_woodlands_center_diamonds,
          nzn_winding_woodlands_5x15_pathside_ponds,
          nzn_winding_woodlands_5x5_perimeter,
          nzn_winding_woodlands_5x5_closed_star,
          nzn_winding_woodlands_5x15_cabin,
          nzn_winding_woodlands_center_triple_pond,
          nzn_winding_woodlands_5x15_pool], layout_rooms,
          minmay_misc_feat_enclosed
D:8:      layout_basic, nicolae_qazlal_eye_of_the_storm,
          erik_lair_orcish_takeover, nicolae_wooded_promenade
D:9:      layout_loops_ring, hellmonk_guarded_unrand_gyre_and_gimble
D:10:     layout_basic, david_orc_5, enter_bailey_5, evilmike_butchery,
          uniq_psyche
D:11:     layout_long_grid, serial_ice, serial_ice_k, serial_ice_a,
          serial_ice_o, serial_ice_d, portal_ice_cave_entry_ice_simulacra,
          grunt_ministairs_9, nicolae_shop_clearance, uniq_nergalle
D:12:     minmay_quarter_circles, layout_basic, uniq_erolcha
Temple:   mainiacjoe_temple_big_plus
Lair:1:   layout_concentric_octagons, grunt_forest_stairs_basic,
          grunt_megastairs_3, uniq_joseph
Lair:2:   layout_roguey, shoals_dummy_entry,
          hellmonk_spider_entry_life_and_decay, lemuel_fruit_fields
Lair:3:   layout_layer_cave, hibernation_bobbens, grunt_megastairs_5,
          infiniplex_staircase_pool_2, uniq_snorg

Skill      XL: |  1  2  3  4  5  6  7  8  9 10 11 12 13 |
---------------+----------------------------------------+-----
Fighting       | 3 4 5 6 7 8 9 |  9.1
Axes           | 3 |  3.6
Armour         | 4 5 6 |  6.6
Dodging        | 1 2 3 4 5 6 7 8 |  8.0
Necromancy     | 1 2 3 4 |  4.3
Maces & Flails | 2 3 4 5 7 9 |  9.6
Spellcasting   | 1 2 3 |  3.5
Stealth        | 1 2 3 4 5 |  5.0
Shields        | 4 5 6 |  6.6
Evocations     | 1 3 5 7 8 10 11 | 11.5
Crossbows      | 2 3 4 5 6 |  6.0
Invocations    | 2 4 6 8 9 10 | 10.9
Throwing       | 2 3 |  3.0
Short Blades   | 2 3 5 |  5.4
Long Blades    | 1 2 |  2.1
Slings         | 2 |  2.8

Action                   |  1- 3 |  4- 6 |  7- 9 | 10-12 | 13-15 || total
-------------------------+-------+-------+-------+-------+-------++-------
Melee: War axe           |   120 |       |       |       |    13 ||   133
       Mace              |     3 |   116 |   244 |   522 |    26 ||   911
       Pair of quick bla |       |       |       |   219 |   274 ||   493
       Falchion          |       |       |       |    94 |    54 ||   148
 Fire: Hand crossbow     |       |       |    19 |   159 |    19 ||   197
       Hunting sling     |       |       |       |       |    40 ||    40
Throw: Stone             |       |     1 |     9 |    45 |       ||    55
       Dart              |       |       |       |    29 |    26 ||    55
       Boomerang         |       |       |       |    14 |    19 ||    33
 Cast: Animate Skeleton  |     3 |    11 |     7 |    17 |     1 ||    39
       Pain              |     2 |    13 |     6 |    15 |       ||    36
Invok: Lesser Servant of |       |       |       |     7 |     2 ||     9
 Abil: Heal Wounds       |     4 |     2 |    18 |    49 |     7 ||    80
Evoke: Wand              |       |       |       |     9 |     3 ||    12
  Use: Potion            |       |       |     1 |     2 |     1 ||     4
       Scroll            |       |       |       |    12 |     5 ||    17
 Stab: Sleeping          |       |     2 |     2 |     3 |       ||     7
       Distracted        |       |       |       |     6 |     1 ||     7
Armor: Scale mail        |    33 |       |       |       |       ||    33
       Robe              |     3 |    44 |    70 |    16 |       ||   133
       Swamp dragon scal |       |       |       |   211 |    81 ||   292
       Acid dragon scale |       |       |       |    54 |    25 ||    79
       Skin              |       |       |       |     2 |       ||     2
Dodge: Dodged            |    44 |    47 |   118 |   446 |   141 ||   796
Block: Buckler           |    31 |    31 |    73 |   129 |       ||   264
       Kite shield       |       |       |       |       |    31 ||    31
